 Dungeon Crawl Stone Soup version 0.28-b1-1-g3c77fb2ed1 (webtiles) character file.

Game seed: 13882634897899907842

102 growler the Gusty (level 4, 0/24 HPs)
             Began as a Tengu Air Elementalist on Jan 29, 2022.
             Was an Initiate of Vehumet.
             Succumbed to an adder's poison
             ... on level 4 of the Dungeon.
             The game lasted 00:07:55 (3425 turns).

growler the Gusty (Tengu Air Elementalist)          Turns: 3425, Time: 00:07:55

Health: 0/24       AC:  5    Str:  9    XL:     4   Next: 78%
Magic:  9/9        EV: 12    Int: 17    God:    Vehumet [......]
Gold:   102        SH:  0    Dex: 14    Spells: 3/9 levels left

rFire   . . .      SeeInvis .   (no weapon)
rCold   . . .      Faith    .   (no shield)
rNeg    . . .      Spirit   .   a - +0 robe
rPois   .          Reflect  .   j - +1 hat
rElec   .          Harm     .   (no cloak)
rCorr   .          Rampage  .   k - +1 pair of gloves
Will    .....                   (boots unavailable)
Stlth   ++........              (no amulet)
HPRegen 0.08/turn               (no ring)
MPRegen 0.11/turn               (no ring)

@: mighty, lethally poisoned (0 -> -1), very slightly contaminated
A: beak, talons 3
a: Renounce Religion


You were on level 4 of the Dungeon.
You worshipped Vehumet.
Vehumet was noncommittal.
You visited 1 branch of the dungeon, and saw 4 of its levels.

You collected 102 gold pieces.

Inventory:

Missiles
 m - 2 throwing nets {!f}
Armour
 a - a +0 robe (worn)
 h - a +0 buckler
   (You found it on level 2 of the Dungeon)
 j - a +1 hat (worn)
   (You found it on level 2 of the Dungeon)
 k - a +1 pair of gloves (worn)
   (You found it on level 3 of the Dungeon)
Jewellery
 d - an amulet of the acrobat
   (You found it on level 2 of the Dungeon)
 l - a ring of positive energy
   (You found it on level 3 of the Dungeon)
Scrolls
 b - a scroll of identify {@r1}
 c - 4 scrolls of teleportation {unknown}
 f - a scroll of holy word {unknown}
 g - a scroll of immolation {unknown}
 n - a scroll of amnesia {unknown}
Potions
 i - a potion of flight


   Skills:
 - Level 2.1 Dodging
 - Level 2.0 Stealth
 + Level 3.0 Spellcasting
 + Level 3.5 Conjurations
 + Level 5.2 Air Magic


You had 3 spell levels left.
You knew the following spells:

 Your Spells              Type           Power      Damage    Failure   Level
a - Shock                 Conj/Air       68%        1d7       3%          1
d - Static Discharge      Conj/Air       17%        N/A       4%          2
s - Swiftness             Air            20%        N/A       6%          3

Your spell library contained the following spells:

 Spells                   Type           Power      Damage    Failure   Level
 Airstrike                Air            10%        N/A       21%         4


Dungeon Overview and Level Annotations

Branches:
Dungeon (4/15)
 Temple: D:4-7

Altars:
Cheibriados
Elyvilon
Hepliaklqana
Kikubaaqudgha
Vehumet


Innate Abilities, Weirdness & Mutations

You have a beak for a mouth.
You have claws for feet.


Message History

Your magical contamination has completely faded away.
You start resting.
An adder comes into view.
The adder hisses angrily.
You miscast Static Discharge.
You are very lightly contaminated with residual magic.
Nothing appears to happen.
The adder bites you.
You are poisoned.
The adder poisons you! The adder barely misses you.
The adder is struck by an arc of lightning.
You are struck by an arc of lightning.
The adder is struck by an arc of lightning.
The lightning grounds out.
You feel sick. The adder bites you but does no damage.
The adder is struck by an arc of lightning.
You are struck by an arc of lightning.
The lightning grounds out.
You feel sick. The adder barely misses you.
You miscast Static Discharge.
Nothing appears to happen.
You feel sick. The adder closely misses you. The adder bites you.
* * * LOW HITPOINT WARNING * * *
You don't know that spell.
You feel sick.
You feel sick.
You feel sick.
You are no longer poisoned.
The adder bites you.
* * * LOW HITPOINT WARNING * * *
You are poisoned.
The adder poisons you! The adder bites you but does no damage.
* * * LOW HITPOINT WARNING * * *
You feel sick.
There is a stone staircase leading up here.
The adder is struck by an arc of lightning.
You kill the adder!
Vehumet accepts your kill.
You are struck by an arc of lightning.
* * * LOW HITPOINT WARNING * * *
The lightning grounds out.
* * * LOW HITPOINT WARNING * * *
You feel sick.
It was a potion of might.
You feel very mighty all of a sudden.
* * * LOW HITPOINT WARNING * * *
You feel sick.
It was a potion of magic.
Magic courses through your body.
* * * LOW HITPOINT WARNING * * *
You feel sick.
* * * LOW HITPOINT WARNING * * *
You feel sick.
You die...

#..# ### #..####..
#.......# #.#######
##########.# ##.
..##.......# #.#
#.##.####### ##.
#.##.# ## #@##.# #
#†##.#######
#...#......#
#.......##.#####.#
.#####.###.# #.#
#.#...# ##.#######
###.....## #.........
....P..).####.#######
##..♣♣♣PP......#


There were no monsters in sight!

Vanquished Creatures
  2 adders
  3 dart slugs
  2 orcs (D:3)
  A ball python (D:1)
  6 bats
  8 endoplasms
  13 giant cockroaches
  7 goblins
  8 hobgoblins
  3 quokkas
  2 frilled lizards
  5 kobolds
  5 rats
65 creatures vanquished.

Vanquished Creatures (others)
  A plant (D:4)
1 creature vanquished.

Grand Total: 66 creatures vanquished

Notes
Turn   | Place    | Note
-------+----------+-------------------------------------------
     0 | D:1      | growler the Tengu Air Elementalist began the quest for the
                  | Orb.
     0 | D:1      | Reached XP level 1. HP: 10/10 MP: 4/4
   229 | D:1      | Found a faded altar of an unknown god.
   307 | D:1      | Reached XP level 2. HP: 15/15 MP: 4/6
   437 | D:1      | Learned a level 2 spell: Static Discharge
   857 | D:1      | Reached XP level 3. HP: 19/19 MP: 4/7
   861 | D:1      | Learned a level 3 spell: Swiftness
  2185 | D:3      | Reached XP level 4. HP: 24/24 MP: 5/9
  2433 | D:3      | Reached skill level 5 in Air Magic
  2615 | D:3      | Found a hazy altar of Hepliaklqana.
  2615 | D:3      | Found an ancient bone altar of Kikubaaqudgha.
  2623 | D:3      | Found a snail-covered altar of Cheibriados.
  2625 | D:3      | Found a radiant altar of Vehumet.
  2629 | D:3      | Found a white marble altar of Elyvilon.
  2635 | D:3      | Became a worshipper of Vehumet
  3373 | D:4      | Noticed an ogre
  3424 | D:4      | HP: 1/24 [poisoned by an adder]
  3425 | D:4      | Succumbed to an adder's poison

Illustrated notes

Levels and vault maps discovered:
D:1:      ncdulo_watergridlock, layout_loops_ring,
          hellmonk_ecumenical_altar_run_dry, hangedman_decor_diamond_cutter,
          minmay_liquid_box
D:2:      minmay_roachtagon, layout_basic, minmay_pentomino_t2
D:3:      layout_loops_ring, chequers_temple_overflow_minitemple,
          patterned_corridor
D:4:      layout_loops_ring, mainiacjoe_overflow_catwalk, serial_forest,
          infiniplex_forest_clump_double, infiniplex_forest_lined_ring,
          infiniplex_forest_lined_room_2, infiniplex_forest_lined_2,
          infiniplex_forest_lined_3, infiniplex_forest_end_1

Skill      XL: |  1  2  3  4 |
---------------+-------------+-----
Conjurations   | 2 3 |  3.5
Air Magic      | 5 |  5.2
Spellcasting   | 3 |  3.0
Dodging        | |  2.1
Stealth        | |  2.0

Action                   |  1- 3 |  4- 6 || total
-------------------------+-------+-------++-------
Melee: Unarmed           |    16 |     2 ||    18
       Kick              |     5 |     2 ||     7
       Peck              |     2 |       ||     2
 Cast: Shock             |    65 |    37 ||   102
       Static Discharge  |     3 |     3 ||     6
  Use: Potion            |       |     2 ||     2
       Scroll            |       |     1 ||     1
Armor: Robe              |     7 |     3 ||    10
Dodge: Dodged            |    12 |     4 ||    16
